 Dungeon Crawl Stone Soup version 0.21.0 (webtiles) character file.

750 tidbits the Sneak (level 7, 4/27 HPs)
             Began as a Felid Earth Elementalist on Jan 6, 2018.
             Was an Initiate of Wu Jian.
             Quit the game on level 4 of the Dungeon.
             The game lasted 00:10:38 (1400 turns).

tidbits the Sneak (Felid Earth Elementalist)        Turns: 1400, Time: 00:10:39

Health: 4/27       AC:  2    Str:  6    XL:     7   Next: 48%
Magic:  20/20      EV: 20    Int: 16    God:    Wu Jian [......]
Gold:   84         SH:  0    Dex: 17    Spells: 7/10 levels left
                                        Lives:  2   Deaths: 0

rFire    . . .     SeeInvis +     - Unarmed
rCold    . . .     Gourm    .   (shield unavailable)
rNeg     . . .     Faith    .   (armour unavailable)
rPois    .         Spirit   .   (helmet unavailable)
rElec    .         Reflect  .   (cloak unavailable)
rCorr    .         Harm     .   (gloves unavailable)
MR       +....                  (boots unavailable)
Stlth    ++++......             (no amulet)
HPRegen  0.09/turn              V - +2 ring of evasion
MPRegen  0.17/turn              i - ring of magical power

@: lethally poisoned (4 -> -1), quick
A: very small, no armour, no weapons or thrown items, stealth, claws 1, fangs 3,
see invisible, carnivore, speed 1, shaggy fur 2, slow metabolism 1, sharp paws
a: Renounce Religion


You were on level 4 of the Dungeon.
You worshipped Wu Jian.
Wu Jian was noncommittal.
You were not hungry.

You visited 1 branch of the dungeon, and saw 5 of its levels.
You also visited: Sewer.

You collected 84 gold pieces.

Inventory:

Missiles
 h - 52 arrows
Jewellery
 i - a ring of magical power (right paw)
   (You found it on level 4 of the Dungeon)
 V - a +2 ring of evasion (left paw)
   (You found it on level 1 of the Dungeon)
Scrolls
 a - a scroll of fog {unknown}
 e - a scroll of blinking {unknown}
 g - a scroll of random uselessness {unknown}
 j - a scroll of noise
 l - 3 scrolls of immolation {unknown}
 m - a scroll of teleportation {unknown}
Books
 d - a book of Geomancy

   Spells                             Type                      Level
   a - Sandblast                      Earth                        1
   b - Passwall                       Transmutation/Earth          2
   c - Stone Arrow                    Conjuration/Earth            3
   d - Petrify                        Transmutation/Earth          4
   e - Lee's Rapid Deconstruction     Earth                        5
 k - a book of Callings
   (You found it on level 4 of the Dungeon)

   Spells                             Type                      Level
   a - Summon Small Mammal            Summoning                    1
   b - Call Imp                       Summoning                    2
   c - Call Canine Familiar           Summoning                    3
   d - Summon Guardian Golem          Hexes/Summoning              3
   e - Summon Lightning Spire         Summoning/Air                4
   f - Summon Ice Beast               Ice/Summoning                4
Comestibles
 c - 9 rations


   Skills:
 - Level 2.7 Dodging
 + Level 7.5 Stealth
 + Level 4.7 Unarmed Combat
 - Level 2.0 Spellcasting
 - Level 1.1 Transmutations
 - Level 2.7 Earth Magic
   Level 4.6 Evocations


You had 7 spell levels left.
You knew the following spells:

 Your Spells              Type           Power        Failure   Level  Hunger
a - Sandblast             Erth           ##....       7%          1    #......
p - Passwall              Tmut/Erth      #.........   14%         2    ###....


Dungeon Overview and Level Annotations

Branches:
Dungeon (5/15)
 Temple: D:4-7

Altars:
Dithmenos
Vehumet
Wu Jian

Annotations:
D:2 Terence
D:5 Torax's ghost, novice DsGl


Innate Abilities, Weirdness & Mutations

You cannot wear armour.
You are incapable of wielding weapons or throwing items.
Your paws allow you to move quietly. (Stealth)
You have sharp claws.
You have razor-sharp teeth.
You have supernaturally acute eyesight. (SInv)
You are carnivorous and can eat meat at any time.
You cover ground quickly.
You are covered in thick fur. (AC +2)
You have a slow metabolism.
Your sharp claws are effective at attacking unaware monsters.


Message History

The worker ant closely misses you.
You barely miss the worker ant.
The worker ant is almost dead.
The worker ant misses you.
You closely miss the worker ant.
The worker ant is almost dead.
The worker ant completely misses you.
You scratch the worker ant.
You kill the worker ant!
The Council accepts your kill.
There is a stone staircase leading down here.
You climb downwards.
Level annotation: Torax's ghost, novice DsGl Torax's ghost turns its malevolent gaze towards you.
There is a stone staircase leading up here.
Press: ? - help, v - describe, . - travel
Here: Torax's ghost The floor.
Evoke which item? (* to show all) (? for menu, Esc to quit)
Aiming: Paralyse
Press: ? - help, Shift-Dir - straight line, f - Torax's ghost
Aim: Torax's ghost (chance to defeat MR: 37%) Torax's ghost easily resists.
Evoke which item? (* to show all) (? for menu, Esc to quit)
Aiming: Paralyse
Press: ? - help, Shift-Dir - straight line, f/p - Torax's ghost
Aim: Torax's ghost (chance to defeat MR: 37%) Torax's ghost easily resists.
The now-empty wand crumbles to dust.
You stop training Evocations.
Torax's ghost barely misses you.
You climb upwards.
There is a stone staircase leading down here.
You open the door.
There is an open door here.
As you open the door, it creaks loudly!
You hear an angry hiss.
There is an open door here.
An adder comes into view.
Found a shadowy altar of Dithmenos.
A hound comes into view.
A hound comes into view.
Found a radiant altar of Vehumet.
The helpless hound fails to defend itself.
You mangle the hound!!
You kill the hound!
The Council accepts your kill.
There is a radiant altar of Vehumet here.
Unknown command.
You open the door.
There is an open door here.
You close the door.
You open the door. You scratch the adder.
The adder is lightly wounded.
The adder misses you.
You barely miss the adder.
The adder is lightly wounded.
The adder barely misses you. The adder closely misses you.
You closely miss the adder.
The adder is lightly wounded.
The adder closely misses you.
You closely miss the adder.
The adder is lightly wounded.
The adder bites you.
* * * LOW HITPOINT WARNING * * *
You scratch the adder.
The adder is heavily wounded.
The adder closely misses you.
You barely miss the adder.
The adder is heavily wounded.
The adder closely misses you.
You scratch the adder but do no damage.
The adder is heavily wounded.
The adder bites you.
* * * LOW HITPOINT WARNING * * *
You are poisoned.
The adder poisons you! The adder closely misses you.
You barely miss the adder.
The adder is heavily wounded.
You feel sick. The adder bites you.
* * * LOW HITPOINT WARNING * * *
You closely miss the adder.
The adder is heavily wounded.
The adder closely misses you.
You barely miss the adder.
The adder is heavily wounded.
* * * LOW HITPOINT WARNING * * *
You feel sick. The adder closely misses you.
You aren't carrying any potions.
Unknown command.
You barely miss the adder.
The adder is heavily wounded.
The adder completely misses you.
You miss the adder.
The adder is heavily wounded.
* * * LOW HITPOINT WARNING * * *
You feel sick. The adder completely misses you.
You closely miss the adder.
The adder is heavily wounded.
The adder closely misses you. The adder completely misses you.
Are you sure you want to abandon this character and quit the game? (Confirm with "yes".)

######################
#.....#...............
#....@S...............
#.....#...............
##...##.####.########.
#### #+# ### .... #.
.....#. .....#.
.....#. ..... ....


You could see an adder.

Vanquished Creatures
  The ghost of Dirian the Slasher, a novice MiFi of the Shining One (D:4)
  A phantom (D:5)
  3 orc priests
  A hound (D:4)
  An orc wizard (D:4)
  2 worker ants (D:4)
  A howler monkey skeleton (D:4)
  3 adders
  3 river rats (D:3)
  3 worms
  6 orcs
  4 giant cockroaches
  3 hobgoblins
  7 jackals
  8 kobolds
  2 quokkas (D:3)
  6 ball pythons
  5 bats
  2 frilled lizards
  5 goblins
  7 rats
74 creatures vanquished.

Notes
Turn   | Place    | Note
-------+----------+-------------------------------------------
     0 | D:1      | tidbits the Felid Earth Elementalist began the quest for the Orb.
     0 | D:1      | Reached XP level 1. HP: 7/7 MP: 4/4
    32 | D:1      | Reached skill level 3 in Stealth
    66 | D:1      | Reached XP level 2. HP: 7/11 MP: 0/6
    70 | D:1      | Learned a level 2 spell: Passwall
   105 | D:1      | Reached skill level 1 in Unarmed Combat
   228 | D:3      | Reached XP level 3. HP: 8/14 MP: 0/7
   280 | D:2      | Reached skill level 4 in Stealth
   321 | D:2      | Noticed Terence
   433 | D:2      | Reached skill level 1 in Evocations
   609 | D:3      | Reached skill level 2 in Unarmed Combat
   620 | D:3      | Reached XP level 4. HP: 18/18 MP: 0/8
   627 | D:3      | Found a glowing drain.
   675 | Sewer    | Entered a sewer
   770 | Sewer    | Reached skill level 2 in Evocations
   927 | D:3      | Reached skill level 5 in Stealth
   927 | D:3      | Reached XP level 5. HP: 21/21 MP: 0/9
  1026 | D:4      | Noticed Dirian's ghost (novice MiFi)
  1054 | D:4      | Killed Dirian's ghost
  1054 | D:4      | Reached skill level 6 in Stealth
  1054 | D:4      | Reached skill level 4 in Unarmed Combat
  1054 | D:4      | Reached skill level 3 in Evocations
  1054 | D:4      | Gained mutation: You are covered in thick fur. (AC +2) [Felid growth]
  1054 | D:4      | Reached XP level 6. HP: 24/24 MP: 2/10
  1098 | D:4      | Reached skill level 4 in Evocations
  1100 | D:4      | Reached XP level 7. HP: 17/27 MP: 3/11
  1106 | D:4      | Reached skill level 7 in Stealth
  1171 | D:5      | Entered Level 5 of the Dungeon
  1176 | D:5      | Noticed Torax's ghost (novice DsGl)
  1189 | D:5      | Found an ornate altar of the Wu Jian Council.
  1196 | D:5      | Became a worshipper of the Wu Jian Council
  1336 | D:4      | Found a shadowy altar of Dithmenos.
  1351 | D:4      | Found a radiant altar of Vehumet.
  1400 | D:4      | Quit the game

Skill      XL: |  1  2  3  4  5  6  7 |
---------------+----------------------+-----
Stealth        | 3 4 5 6 7 |  7.5
Unarmed Combat | 1 2 4 |  4.7
Evocations     | 1 2 3 4 |  4.6
Dodging        | |  2.7
Spellcasting   | |  2.0
Transmutations | |  1.1
Earth Magic    | |  2.7

Action                   |  1- 3 |  4- 6 |  7- 9 || total
-------------------------+-------+-------+-------++-------
Melee: Unarmed           |    34 |    37 |    47 ||   118
       Bite              |     1 |     3 |     1 ||     5
 Cast: Sandblast         |    39 |    43 |     4 ||    86
Invok: Lunge             |       |       |     1 ||     1
Evoke: Wand              |     6 |     3 |     5 ||    14
  Use: Scroll            |     1 |     2 |       ||     3
       Potion            |       |     3 |       ||     3
 Stab: Sleeping          |     8 |     2 |     2 ||    12
       Paralysed         |     2 |     5 |     3 ||    10
       Invisible         |       |     5 |       ||     5
  Eat: Chunk             |       |     4 |     1 ||     5
Armor: Skin              |     1 |     1 |     1 ||     3
Dodge: Dodged            |    34 |    31 |    44 ||   109

Table legend:
 A = Turns spent in this place as a percentage of turns spent in the entire game.
 B = Non-inter-level travel turns spent in this place as a percentage of non-inter-level travel turns spent in the entire game.
 C = Inter-level travel turns spent in this place as a percentage of turns spent in this place.
 D = Turns resting spent in this place as a percentage of non-inter-level travel turns spent in this place.
 E = Turns spent auto-exploring this place as a percentage of non-inter-level travel turns spent in this place.
 F = Non-inter-level travel turns spent in this place divided by the number of levels of this place that you've seen.
                   A       B       C       D       E      F
               +-------+-------+-------+-------+-------+----------------------
         Total | 100.0 | 100.0 |   0.0 |   0.0 |   0.0 | 233.3
       Dungeon |  82.6 |  82.6 |   0.0 |   0.0 |   0.0 | 231.4
         Sewer |  17.4 |  17.4 |   0.0 |   0.0 |   0.0 | 243.0
               +-------+-------+-------+-------+-------+----------------------

Table legend:
 A = Kills in this place as a percentage of kills in entire the game.
 B = Kills by you in this place as a percentage of kills by you in the entire game.
 C = Kills by friends in this place as a percentage of kills by friends in the entire game.
 D = Other kills in this place as a percentage of other kills in the entire game.
 E = Experience gained in this place as a percentage of experience gained in the entire game.
 F = Experience gained in this place divided by the number of levels of this place that you have seen.
                   A       B       C       D       E      F
               +-------+-------+-------+-------+-------+----------------------
         Total | 100.0 | 100.0 |   N/A |   N/A | 100.0 | 178.7
       Dungeon |  85.1 |  85.1 |   N/A |   N/A |  96.0 | 205.8
         Sewer |  14.9 |  14.9 |   N/A |   N/A |   4.0 |  43.0
               +-------+-------+-------+-------+-------+----------------------

Vault maps used:
D:1:      lightli_iron_boxes, minmay_misc_feat_tiny
D:2:      lemuel_coloured_pillars_altar, minmay_door_square, uniq_terence
D:3:      portal_sewer_entry_b, minmay_misc_feat_more_columns,
          minmay_misc_feat_x
D:4:      ashenzari_conservatory_becter, vehumet_crystals, first_ration,
          nicolae_dithmenos_through_a_glass_darkly, uniq_grinder
D:5:      lemuel_round_altar, marbit_many_paths, nicolae_overflow_crystal_walls,
          uniq_edmund
Sewer:    sewer_co_scattered_pipes
